 Dungeon Crawl Stone Soup version 0.31-a0-187-gba352fbbf7 (webtiles) character file.

Game seed: 5467281542023487663

695 qw the Skirmisher (level 7, -1/40 HPs)
             Began as a Deep Elf Hunter on June 22, 2023.
             Succumbed to a scorpion's poison
             ... on level 4 of the Dungeon.
             The game lasted 00:01:47 (3965 turns).

qw the Skirmisher (Deep Elf Hunter)                 Turns: 3965, Time: 00:01:48

Health: -1/40      AC: 10    Str: 10      XL:     7   Next: 37%
Magic:  7/9        EV: 16    Int: 14      God:
Gold:   103        SH:  0    Dex: 17 (18) Spells: 6/6 levels left

rFire   . . .        Y - +0 shortbow
rCold   + . .        (shield currently unavailable)
rNeg    . . .        g - +3 ring mail {rF+}
rPois   .            (no helmet)
rElec   +            n - +0 cloak
rCorr   .            a - +0 pair of gloves
SInv    .            (no boots)
Will    .....        e - amulet of Hooq {Spirit Rampage rElec rF- Slay+2}
Stlth   +            k - ring of protection from cold
HPRegen 0.26/turn    j - +5 ring of evasion
MPRegen 0.11/turn

%: guardian spirit, rampage
@: lethally poisoned (-1 -> -7)
A: no striking features
a: no special abilities


You were on level 4 of the Dungeon.
You visited 1 branch of the dungeon, and saw 5 of its levels.

You collected 311 gold pieces.
You spent 208 gold pieces at shops.


   Skills:
 - Level 2.2 Fighting
 + Level 11.0 Ranged Weapons
 - Level 1.0 Armour
 - Level 3.4 Dodging
 - Level 1.2 Stealth


You had 6 spell levels left.
You didn't know any spells.
Your spell library was empty.

Inventory:

Hand Weapons
 Y - a +0 shortbow (weapon)
Armour
 a - a +0 pair of gloves (worn)
 f - a +1 ring mail of cold resistance
 g - a +3 ring mail of fire resistance (worn)
 n - a +0 cloak (worn)
Jewellery
 e - the amulet of Hooq (around neck) {Spirit Rampage rElec rF- Slay+2}
   (You acquired it on level 2 of the Dungeon)

   [amulet of guardian spirit]

   It causes incoming damage to be divided between your reserves of health and
   magic.
   Slay:      It affects your accuracy & damage with ranged weapons and melee
   (+2).
   rF:        It makes you vulnerable to fire.
   rElec:     It insulates you from electricity.
   Rampage:   It bestows one free step when moving towards enemies.
 j - a +5 ring of evasion (right hand)
 k - a ring of protection from cold (left hand)
Scrolls
 b - a scroll of identify
 c - a scroll of teleportation
Potions
 h - a potion of haste
 i - a potion of heal wounds
 l - a potion of enlightenment
 m - a potion of might

Dungeon Overview and Level Annotations

Branches:
Dungeon (5/15)
 Temple: D:4-7

Altars:
Cheibriados
Fedhas
Makhleb
Nemelex Xobeh
Sif Muna
Zin

Shops:
D:4 [


Message History

The scorpion stings you.
You are poisoned.
The scorpion poisons you!
You shoot an arrow. The arrow hits the scorpion!
The scorpion is heavily wounded.
You feel very sick. The scorpion misses you.
3956 ||| STAIRDANCE You feel very sick.
The scorpion stings you.
You are more poisoned.
The scorpion poisons you!
You climb upwards.
You feel extremely sick.
There is a stone staircase leading down here.
You shoot an arrow. The arrow hits the scorpion!
The scorpion is almost dead.
You feel very sick. The scorpion misses you. The scorpion closely misses you.
You shoot an arrow. The arrow hits the scorpion.
The scorpion is almost dead.
You feel very sick. The scorpion stings you.
You are lethally poisoned!
The scorpion poisons you!
You shoot an arrow. The arrow hits the scorpion.
You kill the scorpion!
You feel very sick.
You feel your dexterity returning.
Your Ranged Weapons skill increases to level 11!
There is a lethal amount of poison in your body!
You feel very sick.
There is a lethal amount of poison in your body!
You feel very sick.
There is a lethal amount of poison in your body!
You feel sick.
There is a lethal amount of poison in your body!
You feel sick.
There is a lethal amount of poison in your body!
You die...

#####
########
....#
#......#
############
....#
#....@.#
#...........
.)..#
#......#
#........###
....#
#......#
##........##¤
....#
######......#
#....#...###¤
#####
#..........##
#######....)¤
#
#..........#
#...... #
#..........#
#.....) #
#..........#
#...... #
#..........#
#......


There were no monsters in sight!

Vanquished Creatures
  Sigmund (D:4)
  2 scorpions (D:4)
  A quasit (D:4)
  A gnoll bouda (D:5)
  Terence (D:3)
  An iguana (D:4)
  2 orc wizards (D:4)
  3 gnolls (D:5)
  8 adders
  3 white imps (D:4)
  2 ufetubi
  2 worms
  4 dart slugs
  12 orcs
  8 ball pythons
  7 endoplasms
  A giant cockroach (D:4)
  7 hobgoblins
  3 jackals (D:1)
  5 kobolds
  2 quokkas
  8 bats
  12 frilled lizards
  9 goblins
  8 rats
113 creatures vanquished.

Notes
Turn   | Place    | Note
-------+----------+-------------------------------------------
     0 | D:1      | qw the Deep Elf Hunter began the quest for the Orb.
     0 | D:1      | Reached XP level 1. HP: 12/12 MP: 3/3
     0 | D:1      | 0 ||| qw: Version: 0.3-a-9-g12657ce
     0 | D:1      | 0 ||| qw: Game counter: 2120
     0 | D:1      | 0 ||| qw: Always use a shield: true
     0 | D:1      | 0 ||| qw: God list: Okawaru
     0 | D:1      | 0 ||| qw: Allow faded altars: false
     0 | D:1      | 0 ||| qw: Do Orc after D:15 true
     0 | D:1      | 0 ||| qw: Do second Lair branch before Depths: true
     0 | D:1      | 0 ||| qw: Lair rune preference: random
     0 | D:1      | 0 ||| qw: Plans: Normal
     0 | D:1      | 0 ||| PLANNING D:1-11
    98 | D:1      | Reached XP level 2. HP: 16/16 MP: 4/4
   100 | D:1      | Reached skill level 6 in Ranged Weapons
   224 | D:1      | Found a faded altar of an unknown god.
   380 | D:1      | Reached XP level 3. HP: 20/20 MP: 5/5
   635 | D:1      | 635 ||| UPGRADING to +0 ring mail.
   645 | D:1      | 645 ||| DROPPING +0 leather armour.
   646 | D:1      | 646 ||| READING scroll labelled YRGHOU UWKEME.
   647 | D:1      | 647 ||| READING scroll labelled OTSAHI ZO KAERGH.
   648 | D:1      | 648 ||| DRINKING 3 smoky pink potions.
   649 | D:1      | 649 ||| DRINKING 2 metallic golden potions.
   650 | D:1      | 650 ||| DRINKING 2 brown potions.
   651 | D:1      | 651 ||| DROPPING scroll of butterflies.
   652 | D:1      | 652 ||| DROPPING 2 potions of degeneration.
   714 | D:2      | Reached skill level 7 in Ranged Weapons
   715 | D:2      | HP: 5/20 [poisoned by an adder]
   928 | D:2      | Found a sparkling altar of Nemelex Xobeh.
   978 | D:2      | 978 ||| DROPPING +0 sling of electrocution.
  1116 | D:2      | Reached XP level 4. HP: 25/25 MP: 6/6
  1553 | D:2      | 1553 ||| UPGRADING to +0 pair of gloves.
  1558 | D:2      | 1558 ||| UPGRADING to ring of protection from cold.
  1559 | D:2      | 1559 ||| READING 2 scrolls labelled DYNACW KONINI.
  1564 | D:2      | 1564 ||| READING scroll labelled BOFRIW CAUCUMN.
  1564 | D:2      | Identified a scroll of acquirement
  1564 | D:2      | 1564 ||| ACQUIRING amulet of Hooq {Spirit Rampage rElec rF-
                  | Slay+2}
  1564 | D:2      | Acquired the amulet of Hooq {Spirit Rampage rElec rF-
                  | Slay+2}
  1566 | D:2      | 1566 ||| UPGRADING to amulet of Hooq {Spirit Rampage rElec
                  | rF- Slay+2}.
  1571 | D:2      | 1571 ||| READING scroll labelled MYMNUINGAD.
  1572 | D:2      | 1572 ||| READING scroll labelled QEOVEJ YSONECUE.
  1574 | D:2      | 1574 ||| Stepping ~*~*~tactically~*~*~ (cloud).
  1703 | D:3      | Reached skill level 8 in Ranged Weapons
  1706 | D:3      | Identified the +9 mace of the Globe {drain, Dex+6}
  2069 | D:3      | Noticed Terence
  2087 | D:3      | Killed Terence
  2088 | D:3      | Reached XP level 5. HP: 12/29 MP: 3/7
  2612 | D:3      | Found a blossoming altar of Fedhas.
  2612 | D:3      | Found a glowing silver altar of Zin.
  2742 | D:3      | 2742 ||| UPGRADING to +3 ring mail of fire resistance.
  2752 | D:3      | 2752 ||| DROPPING +0 ring mail.
  2753 | D:3      | 2753 ||| DROPPING +6 ring of intelligence.
  2754 | D:3      | 2754 ||| READING scroll labelled ODA KICLYSE.
  2755 | D:3      | 2755 ||| READING scroll labelled PUD SAZ KUNUM.
  2856 | D:3      | 2856 ||| READING scroll labelled USA OTUSIUDIM.
  2857 | D:3      | 2857 ||| READING 3 scrolls of identify.
  2857 | D:3      | 2857 ||| IDENTIFYING blue potion
  2858 | D:3      | 2858 ||| READING 2 scrolls of identify.
  2858 | D:3      | 2858 ||| IDENTIFYING white potion
  2859 | D:3      | 2859 ||| DROPPING potion of brilliance.
  2920 | D:4      | Found Vuabekhla's Armour Boutique.
  2932 | D:4      | 2932 ||| BUYING +1 ring mail of cold resistance (208 gold).
  2932 | D:4      | Bought a +1 ring mail of cold resistance for 208 gold
                  | pieces
  2949 | D:4      | Reached skill level 9 in Ranged Weapons
  2978 | D:4      | 2978 ||| Stepping ~*~*~tactically~*~*~ (outnumbered).
  2980 | D:4      | 2980 ||| Stepping ~*~*~tactically~*~*~ (outnumbered).
  2982 | D:4      | 2982 ||| Stepping ~*~*~tactically~*~*~ (outnumbered).
  2984 | D:4      | 2984 ||| Stepping ~*~*~tactically~*~*~ (outnumbered).
  3076 | D:4      | Reached XP level 6. HP: 35/35 MP: 6/8
  3193 | D:4      | Noticed Sigmund
  3199 | D:4      | 3199 ||| DRINKING potion of curing.
  3199 | D:4      | 3199 ||| (to cure confusion)
  3200 | D:4      | Killed Sigmund
  3201 | D:4      | Reached skill level 10 in Ranged Weapons
  3223 | D:4      | Reached skill level 3 in Dodging
  3275 | D:4      | Found a faded altar of an unknown god.
  3275 | D:4      | Found a shimmering blue altar of Sif Muna.
  3282 | D:4      | Found a burning altar of Makhleb.
  3284 | D:4      | Found a snail-covered altar of Cheibriados.
  3286 | D:4      | Found a faded altar of an unknown god.
  3590 | D:4      | Reached skill level 1 in Armour
  3590 | D:4      | Reached XP level 7. HP: 38/40 MP: 7/9
  3730 | D:4      | HP: 9/40 [orc/+0 club (3)]
  3731 | D:4      | 3731 ||| DRINKING 2 potions of heal wounds.
  3851 | D:4      | 3851 ||| UPGRADING to +0 cloak.
  3856 | D:4      | 3856 ||| UPGRADING to +5 ring of evasion.
  3857 | D:4      | 3857 ||| READING scroll labelled JAGUOCOESM.
  3858 | D:4      | 3858 ||| DRINKING 2 fuming blue potions.
  3859 | D:4      | 3859 ||| READING 2 scrolls of identify.
  3859 | D:4      | 3859 ||| IDENTIFYING puce potion
  3892 | D:5      | Entered Level 5 of the Dungeon
  3917 | D:5      | 3917 ||| FLEEEEING.
  3918 | D:5      | 3918 ||| FLEEEEING.
  3919 | D:5      | 3919 ||| STAIRDANCE
  3956 | D:5      | 3956 ||| STAIRDANCE
  3961 | D:4      | Reached skill level 11 in Ranged Weapons
  3961 | D:4      | HP: 7/40 [poisoned by a scorpion]
  3963 | D:4      | HP: 3/40 [poisoned by a scorpion]
  3964 | D:4      | HP: 1/40 [poisoned by a scorpion]
  3965 | D:4      | Succumbed to a scorpion's poison

Levels and vault maps discovered:
D:1:      erik_arrival_triangle_small, layout_rooms,
          hellmonk_ecumenical_altar_defaced_shrine, minmay_lizard_king
D:2:      layout_loops_ring, basic_altar, dreamdust_princess_corridor,
          nrook_mini_vaults, amethyst_killhole, kennysheep_generic_room_11
D:3:      layout_basic, gammafunk_temple_overflow_statue, minivault_14,
          uniq_terence
D:4:      layout_gridville, chequers_temple_overflow_minitemple, serial_shops,
          shop, serial_demonic, serial_demonic_f, serial_demonic_c,
          serial_demonic_f, serial_demonic_e, uniq_sigmund
D:5:      layout_gridville, grunt_gozag_statues,
          mainiacjoe_overflow_surrounded_room, minmay_misc_feat_four_crosses

Skill      XL: |  1  2  3  4  5  6  7 |
---------------+----------------------+-----
Ranged Weapons | 6 7 8 9 10 11 | 11.0
Fighting       | 2 |  2.2
Dodging        | 3 |  3.4
Armour         | 1 |  1.0
Stealth        | |  1.2

Action                     |  1- 3 |  4- 6 |  7- 9 || total
---------------------------+-------+-------+-------++-------
   Fire: Shortbow          |   133 |   183 |    61 ||   377
    Use: Potion            |     3 |     1 |     2 ||     6
         Scroll            |     2 |     9 |     2 ||    13
 Armour: Leather armour    |    17 |       |       ||    17
         Ring mail         |     8 |    72 |    52 ||   132
  Dodge: Dodged            |    67 |    79 |    48 ||   194

Table legend:
 A = Non-vault XP
 B = Vault XP
 C = Vault XP percentage of total XP
 D = Non-vault monster count
 E = Vault monster count
 F = Vault count percentage of total count
                 A         B        C        D         E       F
            +---------+---------+-------+---------+---------+-------
      Total |     628 |     365 |  36.8 |      96 |      17 |  15.0
            +---------+---------+-------+---------+---------+-------
        D:1 |      47 |      12 |  20.3 |      27 |       9 |  25.0
        D:2 |      70 |       1 |   1.4 |      20 |       1 |   4.8
        D:3 |      91 |      38 |  29.5 |      24 |       1 |   4.0
        D:4 |     337 |     314 |  48.2 |      21 |       6 |  22.2
        D:5 |      83 |       0 |   0.0 |       4 |       0 |   0.0
            +---------+---------+-------+---------+---------+-------
